cohdb
Replays
Latest Replays
All Replays
Popular Replays
Top Player Replays
Match Explorer
How It Works
Community
CoH3 Stats
Reddit
Sign in to upload your games and track your stats! →
Sign in with Steam
Match 43776408
Unlisted
Match 43776408
Overview
Messages
Build Orders
End
Kradschützen Motorcycle Team
Panzergrenadier Squad
Panzergrenadier Squad
Panzergrenadier Squad
Construct Light Support Kompanie
Selects Battlefield Espionage Battlegroup
Selects 250/3 Funkpanzerwagen
Fire Support Elements
Flakvierling Half-track
le.IG 18 Mechanized Group
Veteran Squad Leaders
Selects Intel Disruption Beacon
2.5-tonne Medical Truck
Vehicle Survival Package
Construct Panzerarmee Kommand
Emergency Repair Kits
Armored Reserves
Selects Plunder
Advanced Optics
Selects Firestorm
Firestorm
Tiger Heavy Tank
Selects Anti-Tank Incendiary Munitions
Walking Stuka Rocket Launcher
Firestorm
Panzerpioneer Squad
Rapid Advance
Tungsten Core Ammunition
Selects Operation Skorpion
shmshom
SezearIQ
[PD]Bimbi
Nico-Nico-Nii~~
0
0
Comments
sign in to comment!
No comments posted yet!